 Dungeon Crawl Stone Soup version 0.28.0-53-g5a82cb258f (webtiles) character file.

Game seed: 12543114263968915603

282937 Plasmagod the Hoplite (level 19, -4/166 HPs)
             Began as a Minotaur Fighter on July 23, 2022.
             Was the Champion of Ru.
             Drowned by a quicksilver ooze (6 damage)
             ... on level 5 of the Pits of Slime.
             The game lasted 03:14:47 (42988 turns).

Plasmagod the Hoplite (Minotaur Fighter)           Turns: 42988, Time: 03:14:48

Health: -4/166     AC: 42    Str: 27    XL:     19   Next: 74%
Magic:  18/18      EV:  3    Int: 11    God:    Ru [******]
Gold:   491        SH: 27    Dex: 12    Spells: 18/18 levels left

rFire   . . .      SeeInvis .   V - +10 long sword of the Puffball {drain, rN+ Stlth+}
rCold   . . .      Faith    .   k - +0 tower shield
rNeg    + . .      Spirit   .   B - +5 plate armour
rPois   .          Reflect  +   F - +2 hat
rElec   .          Harm     .   j - scarf {repulsion}
rCorr   +          Rampage  .   m - +2 pair of gloves
Will    +....                   v - +2 pair of boots
Stlth   ..........              H - amulet of Skepticism {Reflect Slay+6 SH+5}
HPRegen 0.37/turn               Y - ring of the Tortoise {AC+8}
MPRegen 0.16/turn               X - ring "Baprexyff" {Drain rCorr Str+4 Int+6}

@: mighty, marked, engulfed (cannot breathe), repel missiles, unable to read
A: horns 2, weak 1, no stealth, inability to use devices, inability to train
dodging, no hexes magic, no poison magic, no translocations magic, reduced EV 1,
retaliatory headbutt, clumsy 1, frail 1, inability to read while threatened
}: 2/15 runes: serpentine, barnacled
a: Renounce Religion, Draw Out Power, Power Leap, Apocalypse


You were on level 5 of the Pits of Slime.
You worshipped Ru.
Ru was exalted by your worship.
You visited 7 branches of the dungeon, and saw 37 of its levels.
You visited the Abyss 1 time.
You also visited: Gauntlet.

You collected 3302 gold pieces.
You spent 2811 gold pieces at shops.

Inventory:

Hand Weapons
 I - a +2 short sword of flaming
 L - a +3 vorpal double sword
 V - the +10 long sword of the Puffball (weapon) {drain, rN+ Stlth+}
   (You found it on level 5 of the Lair of Beasts)

   A truly terrible weapon, it drains the life of any living foe it strikes.
   rN:        It protects you from negative energy.
   Stlth:     It makes you more stealthy.
 Z - the +10 halberd "Tenluy Belu" {antimagic, rPois Str+6}
   (You took it off a minotaur in a Gauntlet)

   It reduces the magical energy of the wielder, and disrupts the spells and
   magical abilities of those it strikes.
   Natural abilities and divine invocations are not affected.
   Str:       It affects your strength (+6).
   rPois:     It protects you from poison.
Missiles
 c - 11 throwing nets (quivered)
Armour
 j - a scarf of repulsion (worn)
 k - a +0 tower shield (worn)
 m - a +2 pair of gloves (worn)
 t - the +1 chain mail of the Doldrums {rElec rF+++ Stlth-}
   (You found it on level 1 of the Orcish Mines)

   rF:        It renders you almost immune to fire.
   rElec:     It insulates you from electricity.
   Stlth:     It makes you less stealthy.
 v - a +2 pair of boots (worn)
 B - a +5 plate armour (worn)
 F - a +2 hat (worn)
Jewellery
 b - a ring of poison resistance
 o - a ring of ice
 q - a ring of see invisible
 r - a ring of willpower
 H - the amulet of Skepticism (around neck) {Reflect Slay+6 SH+5}
   (You bought it in a shop on level 4 of the Snake Pit)

   [amulet of reflection]

   It reflects blocked missile attacks.
   Slay:      It affects your accuracy & damage with ranged weapons and melee
   (+6).
   SH:        It affects your SH (+5).
 X - the ring "Baprexyff" (right hand) {Drain rCorr Str+4 Int+6}
   (You found it in a Gauntlet)

   [ring of resist corrosion]

   Str:       It affects your strength (+4).
   Int:       It affects your intelligence (+6).
   rCorr:     It protects you from acid and corrosion.
   Drain:     It drains your maximum health when unequipped.
 Y - the ring of the Tortoise (left hand) {AC+8}
   (You found it in a Gauntlet)

   [ring of protection]

   AC:        It affects your AC (+8).
Wands
 s - a wand of polymorph (17)
 y - a wand of iceblast (14)
Scrolls
 a - a scroll of torment
 g - 4 scrolls of holy word
 i - 4 scrolls of immolation
 x - 6 scrolls of identify
 z - 8 scrolls of teleportation
 A - 6 scrolls of enchant weapon
 C - 2 scrolls of fear
 M - a scroll of summoning
 N - 3 scrolls of amnesia
 P - a scroll of silence
 R - 4 scrolls of brand weapon
 T - 6 scrolls of fog
 U - 3 scrolls of magic mapping
Potions
 d - 2 potions of might
 e - 3 potions of curing
 f - a potion of magic
 h - 6 potions of haste
 l - 2 potions of cancellation
 p - 2 potions of brilliance
 u - a potion of berserk rage
 w - 4 potions of resistance
 D - 3 potions of attraction
 E - 18 potions of ambrosia
 G - 3 potions of invisibility
 J - 2 potions of flight
 K - 5 potions of mutation
 O - 4 potions of lignification


   Skills:
 + Level 20.2 Fighting
 + Level 13.6(17.1) Short Blades
 + Level 18.2(20.2) Long Blades
 + Level 4.7 Axes
 + Level 0.8 Throwing
 + Level 20.3 Armour
 + Level 23.3 Shields


You had 18 spell levels left.
You didn't know any spells.
Your spell library contained the following spells:

 Spells                   Type           Power      Damage    Failure   Level
 Summon Small Mammal      Summ           0%         N/A       94%         1
 Static Discharge         Conj/Air       0%         N/A       98%         2
 Call Canine Familiar     Summ           0%         N/A       100%        3
 Frozen Ramparts          Ice            0%         1d2       100%        3
 Animate Dead             Necr           0%         N/A       100%        4
 Hailstorm                Conj/Ice       0%         3d3       100%        4
 Ice Form                 Ice/Tmut       0%         N/A       100%        4
 Summon Ice Beast         Ice/Summ       0%         N/A       100%        4
 Blade Hands              Tmut           0%         N/A       100%        5
 Excruciating Wounds      Necr           0%         N/A       100%        5
 Iskenderun's Battlesphe  Conj           0%         2d6       100%        5
 Lee's Rapid Deconstruct  Erth           0%         3d5*      100%        5
 Lightning Bolt           Conj/Air       0%         1d11      100%        5
 Conjure Ball Lightning   Conj/Air       0%         3x3d6     100%        6
 Iron Shot                Conj/Erth      0%         9d1       100%        6
 Simulacrum               Ice/Necr       0%         N/A       100%        6
 Statue Form              Tmut/Erth      0%         N/A       100%        6
 Dragon Form              Tmut           0%         N/A       100%        7
 Haunt                    Necr/Summ      0%         N/A       100%        7
 Spellforged Servitor     Conj/Summ      0%         N/A       100%        7
 Summon Hydra             Summ           0%         N/A       100%        7
 Infestation              Necr           0%         N/A       100%        8
 Maxwell's Capacitive Co  Air            0%         ∞         100%        8
 Summon Horrible Things   Summ           0%         N/A       100%        8
 Dragon's Call            Summ           0%         N/A       100%        9
 Sting                    Tmut/Pois      Unusable   1d3       N/A         1
 Poisonous Vapours        Pois/Air       Unusable   N/A       N/A         2
 Portal Projectile        Hex/Tloc       Unusable   N/A       N/A         3
 Summon Guardian Golem    Hex/Summ       Unusable   N/A       N/A         3
 Cause Fear               Hex            Unusable   N/A       N/A         4
 Fulminant Prism          Conj/Hex       Unusable   3d6       N/A         4
 Iskenderun's Mystic Bla  Conj/Tloc      Unusable   2d3       N/A         4
 Leda's Liquefaction      Hex/Erth       Unusable   N/A       N/A         4
 Olgreb's Toxic Radiance  Pois           Unusable   N/A       N/A         4
 Summon Forest            Summ/Tloc      Unusable   N/A       N/A         5
 Eringya's Noxious Bog    Tmut/Pois      Unusable   N/A       N/A         6
 Malign Gateway           Summ/Tloc      Unusable   N/A       N/A         7
 Discord                  Hex            Unusable   N/A       N/A         8
 Disjunction              Tloc           Unusable   N/A       N/A         8

Dungeon Overview and Level Annotations

Branches:
Dungeon (15/15)            Temple (0/1) D:5            Lair (6/6) D:11
 Shoals (4/4) Lair:4        Snake (4/4) Lair:2        Slime (5/5) Lair:5
    Orc (2/2) D:9             Elf (1/3) Orc:2        Vaults (0/5) D:13
 Depths (0/4) D:15        Gauntlet (visited)

Altars:
Fedhas
Kikubaaqudgha
Nemelex Xobeh
Ru
Uskayaw
Vehumet
Xom
The Shining One
Beogh
Jiyva

Shops:
D:4 ?   D:5 *   D:11 ?   Orc:2 [?[:   Elf:1 [   Shoals:1 :   Shoals:2 !
Shoals:3 [   Snake:2 :[((   Snake:3 (   Snake:4 ==:

Portals:
Abyss: Orc:1

Annotations:
Lair:3 exclusion: oklob plant
Lair:4 exclusion: 2 oklob plants
Slime:5 Royal Jelly
Orc:1 4 transporters, Kaptain's ghost, journeyman GrEE
Abyss:1 Louise


Innate Abilities, Weirdness & Mutations

You have a pair of horns on your head.
You are weak. (Str -2)
You cannot be stealthy.
You cannot study or use magical devices.
You cannot train Dodging skill.
You cannot study or cast Hexes magic.
You cannot study or cast Poison magic.
You cannot study or cast Translocations magic.
You have somewhat slow reflexes. (EV -5)
You reflexively headbutt those who attack you in melee.
You are clumsy. (Dex -2)
You are frail. (-10% HP)
You sometimes lose the ability to read scrolls when taking damage.


Message History

The azure jelly hits you but does no damage. x6
The quicksilver ooze hits you!
* * * LOW HITPOINT WARNING * * *
The quicksilver ooze hits you but does no damage.
You are too confused!
You slip free of the ooze engulfing you.
* * * LOW HITPOINT WARNING * * *
Your lungs strain for air!
You feel less confused. You block the Royal Jelly's attack.
The Royal Jelly hits you but does no damage.
Two slime creatures merge to form a very large slime creature.
You block the azure jelly's attack.
The azure jelly hits you but does no damage. x2
You block the azure jelly's attack.
The azure jelly hits you but does no damage.
You block the azure jelly's attack.
The azure jelly hits you but does no damage.
The azure jelly hits you.
* * * LOW HITPOINT WARNING * * *
You focus your inner power and illuminate the azure jelly in retribution!
The quicksilver ooze hits you.
The quicksilver ooze hits you but does no damage.
You cannot call out to Ru while unable to breathe.
You hit the golden eye. You drain the golden eye.
The golden eye is almost dead.
* * * LOW HITPOINT WARNING * * *
Your lungs strain for air!
The Royal Jelly hits you!!
* * * LOW HITPOINT WARNING * * *
You are splashed with acid.
You resist.
* * * LOW HITPOINT WARNING * * *
You focus your inner power and illuminate the Royal Jelly in retribution!
You block the Royal Jelly's attack.
You cannot read scrolls in your current state!
Okay, then.
Your magical effects are unravelling.
You feel magically purged.
You feel yourself slow down.
You die...

##................. #
##.................. ##
##..J..JJ............ .## ..#
##...JJ...............
..#####.####...................#.
................GJJ..............
...............JJJJ..........##..
...............JGJ............###
................@JJ..........##
.................J..........##
...........................##
.......^...........<....####
......................###
......................#
......................#
.....................##
....................##


You could see the Royal Jelly (corona), 2 acid blobs, 3 azure jellies, a great
orb of eyes, 2 very large slime creatures, 5 slime creatures, 3 quicksilver
oozes and a golden eye (drained).

Vanquished Creatures
  A juggernaut (Orc:1)
  A profane servitor (Abyss:2)
  Rupert (D:13)
  The ghost of Lyfunof the Scorcher, an adept DrFE of Okawaru (Shoals:2)
  15 acid blobs
  2 quicksilver dragons (Snake:4)
  2 tentacled starspawn (Abyss:2)
  2 krakens
  Kirke (D:13)
  5 azure jellies
  Ilsuiw (Shoals:3)
  A nagaraja (Snake:4)
  7 rockslimes
  2 deep elf sorcerers (Elf:1)
  Aizul (Elf:1)
  7 quicksilver oozes
  Nessos (D:13)
  An ophan (Abyss:2)
  A deep elf demonologist (Elf:1)
  A minotaur (Gauntlet)
  Snorg (D:14)
  14 merfolk impalers
  4 merfolk javelineers
  Josephine (D:10)
  2 fire dragons (D:15)
  5 salamander tyrants (Snake:4)
  A deep elf high priest (Elf:1)
  4 great orbs of eyes
  Erolcha (Orc:2)
  An ice dragon (D:15)
  4 boulder beetles
  9 naga warriors
  15 hydras
  2 merfolk aquamancers
  5 catoblepae
  4 anacondas
  An ogre mage (Orc:2)
  3 dancing weapons (Elf:1)
  3 merfolk avatars
  An alligator (Shoals:4)
  2 alligator snapping turtles
  5 centaur warriors
  2 satyrs (Shoals:3)
  4 two-headed ogres
  10 death yaks
  A deep troll earth mage (D:9)
  14 naga sharpshooters
  3 thrashing horrors (Abyss:2)
  4 deep elf knights (Elf:1)
  2 soul eaters (Gauntlet)
  Urug (D:13)
  Nergalle (Orc:2)
  Sonja (D:10)
  9 shock serpents
  5 salamander mystics
  6 skeletal warriors
  17 sea snakes
  3 bog bodies (Shoals:1)
  A glowing orange brain (Gauntlet)
  3 naga ritualists
  An orb spider (Abyss:2)
  6 large abominations (Abyss:2)
  2 lindwurms
  9 deep elf archers (Elf:1)
  A wolf spider zombie (D:15)
  8 deep elf zephyrmancers (Elf:1)
  10 harpies
  5 mana vipers
  2 orc knights
  26 ugly things
  19 deep elf pyromancers
  11 orc sorcerers
  16 fauns
  9 cyclopes
  5 shining eyes
  2 worldbinders (Abyss:2)
  4 guardian serpents
  20 manticores
  10 salamanders
  Joseph (D:9)
  8 water nymphs
  5 merfolk sirens
  17 elephants
  2 moths of wrath (Shoals:2)
  18 naga magi
  32 black mambas
  A gargoyle (D:13)
  An eye of devastation (Slime:2)
  A smoke demon (Abyss:2)
  An unseen horror (D:11)
  7 cane toads
  9 komodo dragons
  Maggie (D:7)
  A demonic crawler (Abyss:2)
  4 rime drakes
  A kobold demonologist (D:11)
  A yaktaur (D:15)
  7 trolls
  15 meliai
  27 merfolk
  2 queen bees
  6 wind drakes
  4 polar bears
  33 blink frogs
  7 raiju (Abyss:2)
  7 dream sheep
  78 slime creatures
  Prince Ribbit (Lair:1)
  16 snapping turtles
  An air elemental (Elf:1)
  A spriggan (D:12)
  2 shadows
  10 wraiths
  7 water elementals
  63 yaks
  6 basilisks
  4 wyverns
  A fire elemental (Elf:1)
  6 golden eyes
  16 humans (D:13)
  A hog (D:13)
  2 steam dragons
  8 vampire mosquitoes
  42 nagas
  An acid dragon (D:12)
  4 floating eyes
  20 water moccasins
  16 orc warriors
  2 small abominations (Abyss:2)
  3 sky beasts
  2 ice beasts (D:7)
  A hornet zombie (D:15)
  3 black bears
  4 ogres
  3 wolves (Lair:4)
  8 centaurs
  2 phantoms
  4 kobold brigands
  7 bullfrogs
  2 gnoll sergeants
  2 earth elementals (Elf:1)
  2 scorpions
  A water moccasin skeleton (D:7)
  68 killer bees
  5 wights (D:10)
  An electric eel (D:8)
  A bullfrog zombie (D:6)
  7 centaur zombies
  A centaur skeleton (D:6)
  A jelly (D:4)
  7 orc priests
  A bullfrog skeleton (D:4)
  2 hounds
  An iron imp (Abyss:2)
  5 iguanas
  22 orc wizards
  A scorpion zombie (D:5)
  A killer bee zombie (D:8)
  2 hound skeletons
  3 mummies (D:15)
  A howler monkey skeleton (D:5)
  8 gnolls
  8 adders
  7 shadow imps (Gauntlet)
  2 white imps (Abyss:2)
  2 ufetubi
  3 worms
  A dart slug (D:1)
  67 orcs
  5 ball pythons
  2 bats (D:2)
  4 endoplasms
  3 giant cockroaches
  9 goblins
  3 hobgoblins
  32 kobolds
  4 quokkas
  5 frilled lizards
  3 rats
  7 tentacles
1271 creatures vanquished.

Vanquished Creatures (others)
  An acid blob (Slime:5)
  An azure jelly (Slime:2)
  2 merfolk impalers (Shoals:4)
  A hydra (Lair:5)
  A centaur warrior (D:13)
  A deep elf knight (Elf:1)
  A skeletal warrior (D:12)
  2 deep elf archers (Elf:1)
  A harpy (Shoals:4)
  A deep elf zephyrmancer (Elf:1)
  A mana viper (Snake:3)
  An ugly thing (D:14)
  A manticore (Shoals:2)
  A gargoyle (D:7)
  2 merfolk (Shoals:4)
  2 slime creatures
  A dream sheep (Lair:5)
  An air elemental (Elf:1)
  A water elemental (Elf:1)
  A human (D:13)
  A naga (Snake:3)
  A bullfrog (Lair:1)
  3 killer bees
  An orc wizard (Orc:2)
  2 orcs (Orc:2)
  26 fungi
  86 plants
  12 starspawn tentacles (Abyss:2)
  20 tentacles
176 creatures vanquished.

Grand Total: 1447 creatures vanquished

Notes
Turn   | Place    | Note
-------+----------+-------------------------------------------
     0 | D:1      | Plasmagod the Minotaur Fighter began the quest for the Orb.
     0 | D:1      | Reached XP level 1. HP: 19/19 MP: 0/0
   170 | D:1      | Reached XP level 2. HP: 27/27 MP: 1/1
   491 | D:1      | Reached skill level 4 in Shields
   854 | D:2      | Found a sacrificial altar of Ru.
   871 | D:2      | Became a worshipper of Ru the Awakened
   987 | D:2      | Reached XP level 3. HP: 28/33 MP: 2/2
  1785 | D:3      | Reached XP level 4. HP: 26/40 MP: 3/3
  1972 | D:3      | Gained mutation: You cannot train Dodging skill. [Ru
                  | sacrifice]
  1972 | D:3      | Reached * piety under Ru
  3032 | D:4      | Reached XP level 5. HP: 40/47 MP: 4/4
  3097 | D:4      | Found Asudag's Magic Scroll Shop.
  3123 | D:4      | Noticed an ogre
  3132 | D:4      | Killed an ogre
  3133 | D:4      | Reached skill level 1 in Short Blades
  3133 | D:4      | Reached skill level 5 in Armour
  3354 | D:4      | Reached XP level 6. HP: 28/53 MP: 5/5
  3513 | D:4      | Noticed a sky beast
  3529 | D:4      | Killed a sky beast
  3745 | D:4      | Reached skill level 1 in Stealth
  4110 | D:4      | Reached XP level 7. HP: 60/60 MP: 6/6
  4325 | D:5      | Entered Level 5 of the Dungeon
  4356 | D:5      | Reached skill level 5 in Fighting
  4484 | D:5      | Found a staircase to the Ecumenical Temple.
  4494 | D:5      | Reached skill level 5 in Shields
  4720 | D:5      | Found Berecko's Serpentskin Sales.
  4734 | D:5      | Reached skill level 5 in Short Blades
  5046 | D:5      | Reached XP level 8. HP: 56/70 MP: 7/7
  5425 | D:6      | Gained mutation: You cannot be stealthy. [Ru sacrifice]
  5425 | D:6      | Reached ** piety under Ru
  6285 | D:7      | Noticed Maggie
  6294 | D:7      | Killed Maggie
  6295 | D:7      | Reached skill level 6 in Shields
  6295 | D:7      | Reached XP level 9. HP: 50/78 MP: 8/8
  6423 | D:7      | Noticed a gargoyle
  6448 | D:7      | Killed a gargoyle
  7846 | D:8      | Noticed a +0 spear
  7846 | D:8      | Noticed a +0 dagger
  7846 | D:8      | Noticed a +0 short sword
  7847 | D:8      | Noticed a +0 short sword
  7847 | D:8      | Noticed a +0 spear
  7848 | D:8      | Noticed a +0 falchion
  7848 | D:8      | Noticed a +0 falchion
  7849 | D:8      | Noticed a +0 dagger
  7850 | D:8      | Found a hide-covered altar of Uskayaw.
  7990 | D:9      | Gained mutation: You have somewhat slow reflexes. (EV -5)
                  | [Ru sacrifice]
  7990 | D:9      | Reached *** piety under Ru
  8030 | D:9      | Reached skill level 7 in Shields
  8044 | D:9      | Reached skill level 10 in Short Blades
  8119 | D:9      | Found a staircase to the Orcish Mines.
  8163 | D:9      | Reached XP level 10. HP: 76/88 MP: 9/9
  8172 | D:9      | Noticed a six-headed hydra
  8199 | D:9      | Killed a six-headed hydra
  8412 | D:9      | Noticed Joseph
  8430 | D:9      | Killed Joseph
  8498 | D:9      | Noticed a deep troll earth mage
  8522 | D:9      | Killed a deep troll earth mage
  8668 | D:9      | Reached skill level 10 in Armour
  8940 | D:9      | Reached skill level 8 in Shields
  9056 | D:10     | Entered Level 10 of the Dungeon
  9130 | D:10     | Reached XP level 11. HP: 40/85 MP: 10/10
  9198 | D:10     | Noticed Sonja
  9280 | D:10     | Reached skill level 10 in Fighting
  9382 | D:10     | Noticed a two-headed ogre
  9397 | D:10     | Killed a two-headed ogre
  9453 | D:10     | Killed Sonja
  9593 | D:10     | Noticed a two-headed ogre
  9613 | D:10     | Killed a two-headed ogre
  9741 | D:10     | Noticed Josephine
  9774 | D:10     | Killed Josephine
  9795 | D:9      | Reached skill level 9 in Shields
 10421 | D:11     | Gained mutation: You cannot study or use magical devices.
                  | [Ru sacrifice]
 10421 | D:11     | Reached **** piety under Ru
 10421 | D:11     | Reached ***** piety under Ru
 10462 | D:11     | Found Xesipeal's Magic Scroll Emporium.
 10995 | D:11     | Found a staircase to the Lair.
 11016 | D:11     | Noticed a six-headed hydra
 11019 | D:11     | Killed a six-headed hydra
 11051 | D:11     | Reached XP level 12. HP: 108/110 MP: 4/11
 11487 | D:12     | Reached skill level 10 in Shields
 12207 | D:13     | Noticed Nessos
 12207 | D:13     | Noticed a two-headed ogre
 12207 | D:13     | Noticed a boulder beetle
 12207 | D:13     | Found a gate to the Vaults.
 12209 | D:13     | Killed a two-headed ogre
 12210 | D:13     | Reached skill level 11 in Shields
 12213 | D:13     | Killed a boulder beetle
 12227 | D:13     | Noticed a centaur warrior
 12232 | D:13     | Noticed a seven-headed hydra
 12238 | D:13     | Killed Nessos
 12243 | D:13     | Killed a centaur warrior
 12433 | D:12     | Killed a seven-headed hydra
 12839 | D:13     | Noticed Rupert
 12839 | D:13     | Noticed Kirke
 12840 | D:13     | Gained mutation: You cannot study or cast Poison magic. [Ru
                  | sacrifice]
 12840 | D:13     | Gained mutation: You cannot study or cast Hexes magic. [Ru
                  | sacrifice]
 12840 | D:13     | Gained mutation: You cannot study or cast Translocations
                  | magic. [Ru sacrifice]
 12841 | D:13     | Noticed a centaur warrior
 12842 | D:13     | Reached XP level 13. HP: 95/100 MP: 3/12
 12842 | D:13     | Killed Rupert
 12848 | D:13     | Killed Kirke
 12864 | D:13     | Reached skill level 15 in Armour
 13072 | D:13     | Reached skill level 12 in Shields
 13389 | D:13     | Noticed Urug
 13404 | D:13     | Killed Urug
 14174 | D:14     | Reached skill level 13 in Shields
 14307 | D:14     | Reached skill level 1 in Long Blades
 14333 | D:14     | Found a glowing golden altar of the Shining One.
 14338 | D:14     | Noticed Snorg
 14348 | D:14     | Killed Snorg
 14707 | D:15     | Entered Level 15 of the Dungeon
 14807 | D:15     | Noticed a fire dragon
 14812 | D:15     | Killed a fire dragon
 14899 | D:15     | Reached skill level 5 in Long Blades
 14904 | D:15     | Reached XP level 14. HP: 100/126 MP: 13/13
 14942 | D:15     | Found a shimmering altar of Xom.
 15113 | D:15     | Gained mutation: You are weak. (Str -2) [Ru sacrifice]
 15113 | D:15     | Reached ****** piety under Ru
 15277 | D:15     | Found a staircase to the Depths.
 15396 | D:15     | HP: 6/120 [fire dragon/blast of flame (49)]
 15699 | D:4      | Bought a scroll of teleportation for 42 gold pieces
 15699 | D:4      | Bought a scroll of immolation for 49 gold pieces
 15699 | D:4      | Bought a scroll of enchant armour for 105 gold pieces
 15699 | D:4      | Bought a scroll of teleportation for 42 gold pieces
 15835 | Lair:1   | Entered Level 1 of the Lair of Beasts
 15870 | Lair:1   | Reached skill level 14 in Shields
 16050 | Lair:1   | Identified the +5 bardiche of Infinity {pain, Int+6}
 16159 | Lair:1   | Noticed Prince Ribbit
 16168 | Lair:1   | Killed Prince Ribbit
 16612 | Lair:2   | Reached skill level 10 in Long Blades
 16757 | Lair:2   | Found a staircase to the Snake Pit.
 18003 | Lair:3   | Found a blossoming altar of Fedhas.
 18664 | Lair:4   | Reached XP level 15. HP: 57/128 MP: 5/14
 19022 | Lair:4   | Reached skill level 15 in Shields
 19320 | Lair:4   | Found a staircase to the Shoals.
 19633 | Lair:5   | Identified the +10 long sword of the Puffball {drain, rN+
                  | Stlth+}
 19747 | Lair:5   | Reached skill level 15 in Fighting
 19889 | Lair:5   | Found a staircase to the Slime Pits.
 19890 | Lair:5   | Found a viscous altar of Jiyva.
 19945 | Lair:5   | Found a gate leading to a gauntlet.
 19960 | Gauntlet | Entered a Gauntlet
 19960 | Gauntlet | Found a transporter.
 19960 | Gauntlet | Found a transporter.
 19960 | Gauntlet | Found a transporter.
 19961 | Gauntlet | Found a transporter.
 19962 | Gauntlet | Found a transporter.
 19965 | Gauntlet | Found a transporter.
 19972 | Gauntlet | Found a transporter.
 19973 | Gauntlet | Found a transporter.
 19973 | Gauntlet | Found the ring of the Tortoise {AC+8}
 19974 | Gauntlet | Found a transporter.
 19976 | Gauntlet | Found a transporter.
 19980 | Gauntlet | Found a runed translucent door.
 19980 | Gauntlet | Found a runed translucent door.
 19984 | Gauntlet | Found a transporter.
 19984 | Gauntlet | Found a transporter.
 20148 | Gauntlet | Identified the ring "Baprexyff" {Drain rCorr Str+4 Int+6}
 20290 | Gauntlet | Found the +7 great mace "Firestarter" {inner flame, rF++}
 20290 | Gauntlet | Identified the +10 halberd "Tenluy Belu" {antimagic, rPois
                  | Str+6}
 20301 | Gauntlet | Identified the +5 hand axe of the Glimmering Weasel
                  | {vorpal, rC+ Str+4}
 20301 | Gauntlet | Identified the +5 flail of Fate {drain, rF+ Will+ Str+4}
 20665 | D:4      | Bought a scroll of identify for 28 gold pieces
 21357 | Lair:6   | Entered Level 6 of the Lair of Beasts
 22925 | Orc:1    | Entered Level 1 of the Orcish Mines
 22982 | Orc:1    | Reached XP level 16. HP: 149/151 MP: 15/15
 22989 | Orc:1    | Reached skill level 16 in Shields
 23056 | Orc:1    | Found a transporter.
 23058 | Orc:1    | Found a transporter.
 23058 | Orc:1    | Noticed a juggernaut
 23059 | Orc:1    | Found a transporter.
 23059 | Orc:1    | Found a sparkling altar of Nemelex Xobeh.
 23062 | Orc:1    | Found a transporter.
 23063 | Orc:1    | Found a transporter.
 23066 | Orc:1    | Found a transporter.
 23194 | Orc:1    | Found a transporter.
 23244 | Orc:1    | Found a one-way gate to the infinite horrors of the Abyss.
 23244 | Orc:1    | Noticed Kaptain's ghost (journeyman GrEE)
 23265 | Orc:1    | Found a transporter.
 23401 | Orc:1    | Killed a juggernaut
 23409 | Orc:1    | Identified the +1 chain mail of the Doldrums {rElec rF+++
                  | Stlth-}
 23477 | Orc:2    | Entered Level 2 of the Orcish Mines
 23594 | Orc:2    | Found a staircase to the Elven Halls.
 23694 | Orc:2    | Found Reutza's Book Shop.
 23773 | Orc:2    | Found an ancient bone altar of Kikubaaqudgha.
 23774 | Orc:2    | Noticed Nergalle
 23794 | Orc:2    | Killed Nergalle
 23796 | Orc:2    | Found Tereaxavoe's Magic Scroll Boutique.
 23824 | Orc:2    | Noticed Erolcha
 23826 | Orc:2    | Found a radiant altar of Vehumet.
 23828 | Orc:2    | Cast into level 2 of the Abyss (Erolcha)
 23987 | Abyss:2  | Noticed a tentacled starspawn
 23991 | Abyss:2  | Noticed a bone dragon
 24117 | Abyss:2  | Noticed a profane servitor
 24125 | Abyss:2  | Noticed a tentacled starspawn
 24134 | Abyss:2  | Killed a profane servitor
 24141 | Abyss:2  | Killed a tentacled starspawn
 24145 | Abyss:2  | Noticed a tentacled starspawn
 24212 | Abyss:2  | Found a blossoming altar of Fedhas.
 24314 | Abyss:2  | Found a blossoming altar of Fedhas.
 24323 | Abyss:2  | Noticed a tentacled starspawn
 24332 | Abyss:2  | Noticed a tentacled starspawn
 24344 | Abyss:2  | Killed a tentacled starspawn
 24399 | Abyss:2  | Found an iron altar of Okawaru.
 24470 | Orc:2    | Escaped the Abyss
 24476 | Orc:2    | Killed Erolcha
 24502 | Orc:2    | Found Bikhaff's Antique Armour Boutique.
 24502 | Orc:2    | Found Zahalergh's Antique Armour Shop.
 24528 | Orc:2    | Bought a tower shield for 135 gold pieces
 24528 | Orc:2    | Bought a pair of glowing gloves for 225 gold pieces
 24625 | Orc:2    | Found a radiant altar of Vehumet.
 24866 | Orc:2    | Bought a scroll of enchant armour for 120 gold pieces
 24884 | Orc:2    | Bought a shimmering plate armour for 644 gold pieces
 24884 | Orc:2    | Identified the +0 plate armour "Wuliq" {+Inv SInv} (You
                  | bought it in a shop on level 2 of the Orcish Mines)
 25781 | Elf:1    | Entered Level 1 of the Elven Halls
 25802 | Elf:1    | Found a radiant altar of Vehumet.
 25868 | Elf:1    | Reached skill level 15 in Long Blades
 25979 | Elf:1    | Paralysed by an air elemental for 1 turns
 26088 | Elf:1    | Paralysed by an air elemental for 1 turns
 26093 | Elf:1    | Paralysed by a floating eye for 4 turns
 26112 | Elf:1    | Paralysed by a floating eye for 2 turns
 26118 | Elf:1    | Paralysed by a floating eye for 2 turns
 26136 | Elf:1    | HP: 7/141 [burnt (5)]
 26412 | Elf:1    | Reached skill level 17 in Shields
 26456 | Elf:1    | Noticed Aizul
 26467 | Elf:1    | Killed Aizul
 27084 | Elf:1    | Found Bust's Antique Armour Shop.
 27090 | Elf:1    | Bought a glowing scarf for 240 gold pieces
 27394 | Snake:1  | Entered Level 1 of the Snake Pit
 28228 | Snake:2  | Identified the +1 scale mail of Resilience {SInv}
 28407 | Snake:2  | Found Jaafu's Weapon Shop.
 28407 | Snake:2  | Found Ykhli's Book Boutique.
 28419 | Snake:2  | Found Genaz's Armour Boutique.
 28421 | Snake:2  | Found Vaynadd's Weapon Shop.
 28531 | Snake:2  | Reached XP level 17. HP: 153/161 MP: 16/16
 29137 | Snake:3  | Reached skill level 18 in Shields
 29756 | Snake:3  | Found Biuch's Weapon Shoppe.
 30660 | Snake:4  | Entered Level 4 of the Snake Pit
 31302 | Snake:4  | Reached skill level 19 in Shields
 31517 | Snake:4  | Noticed a quicksilver dragon
 31527 | Snake:4  | Noticed a quicksilver dragon
 31531 | Snake:4  | Killed a quicksilver dragon
 31534 | Snake:4  | Killed a quicksilver dragon
 31783 | Snake:4  | Got a serpentine rune of Zot
 32282 | Snake:4  | Found Zewitoaj's Book Shop.
 32282 | Snake:4  | Found Waik's Jewellery Shoppe.
 32283 | Snake:4  | Found Budyushra's Jewellery Shoppe.
 32289 | Snake:4  | Bought the amulet of Skepticism {Reflect Slay+6 SH+5} for
                  | 1181 gold pieces
 32538 | Shoals:1 | Entered Level 1 of the Shoals
 32577 | Shoals:1 | Reached XP level 18. HP: 119/172 MP: 17/17
 33052 | Shoals:1 | Found Ipevvas's Book Shop.
 33378 | Shoals:1 | Noticed Louise
 33381 | Shoals:1 | Banished Louise
 33660 | Shoals:2 | Reached skill level 20 in Shields
 33710 | Shoals:2 | Found a transporter.
 33715 | Shoals:2 | Noticed Lyfunof's ghost (adept DrFE)
 33726 | Shoals:2 | Found a transporter.
 33745 | Shoals:2 | Found Jaruups's Distillery.
 34456 | Shoals:2 | Killed Lyfunof's ghost
 34468 | Shoals:2 | Identified the +1 pair of boots of Ulajaanoj {Int+4}
 35396 | Shoals:3 | Noticed Ilsuiw
 35443 | Shoals:3 | Killed Ilsuiw
 35787 | Shoals:3 | Reached skill level 21 in Shields
 35934 | Shoals:3 | Found Cealabru's Armour Boutique.
 36377 | Shoals:4 | Entered Level 4 of the Shoals
 37573 | Shoals:4 | Got a barnacled rune of Zot
 38197 | Slime:1  | Entered Level 1 of the Pits of Slime
 38210 | Slime:1  | Reached skill level 22 in Shields
 38210 | Slime:1  | Reached XP level 19. HP: 118/182 MP: 18/18
 38368 | Slime:1  | Gained mutation: You are frail. (-10% HP) [a shining eye]
 38370 | Slime:1  | Gained mutation: You are clumsy. (Dex -2) [a shining eye]
 40588 | Slime:3  | Paralysed by a great orb of eyes for 4 turns
 41195 | Slime:4  | Reached skill level 23 in Shields
 41782 | Slime:5  | Entered Level 5 of the Pits of Slime
 42341 | Slime:5  | Gained mutation: You sometimes lose the ability to read
                  | scrolls when taking damage. [a shining eye]
 42687 | Slime:5  | Paralysed by a floating eye for 3 turns
 42962 | Slime:5  | Noticed the Royal Jelly
 42987 | Slime:5  | HP: 7/166 [the Royal Jelly (27)]
 42987 | Slime:5  | HP: 2/166 [acid (5)]
 42988 | Slime:5  | Drowned by a quicksilver ooze

Illustrated notes

Levels and vault maps discovered:
D:1:      roderic_chinese_lattice_arrival, layout_loops_ring
D:2:      layout_loops_ring, basic_altar
D:3:      layout_loops_corners
D:4:      layout_basic, serial_shops, shop
D:5:      layout_loops_ring, minmay_temple_entry_gardened_gates,
          guppyfry_shop_venom
D:6:      layout_basic
D:7:      layout_basic, kennysheep_potato, uniq_maggie
D:8:      layout_basic, nicolae_uskayaw_en_pointe, special_room
          [special_room_orc]
D:9:      layout_rooms, david_orc_4, kennysheep_donut, kennysheep_path_1,
          kennysheep_just_a_vault, uniq_joseph
D:10:     layout_long_grid, mumra_transporter_accident, uniq_josephine,
          uniq_sonja
D:11:     layout_cross, grunt_lair_entry_orc_guard_hut, serial_shops,
          nicolae_shop_trees
D:12:     layout_roguey [special_room_bee], the_hattery
D:13:     layout_gridville, david_vaults_3, uniq_urug, uniq_kirke, uniq_rupert
D:14:     layout_irregular_city, tso_metal_star, uniq_snorg
D:15:     grunt_enter_depths_hoard, layout_loops_ring, serial_undead,
          serial_undead_b, serial_undead_b, serial_undead_a, serial_undead_f,
          chequers_serial_rivers_micro_c, xom_teletrap_fun
Lair:1:   layout_misc_corridors, chequers_serial_rivers_room_b,
          nzn_sisyphean_effort, uniq_prince_ribbit2
Lair:2:   layout_chaotic_city, guppyfry_snake_entry_island, beast_lair_carwin_6,
          lemuel_fruit_fields, grunt_megastairs_2, serial_bayou_shore_b,
          lemuel_fruit_tree
Lair:3:   layout_gridlike, tgw_fedhas
Lair:4:   hangedman_what_comes_after_a, layout_regular_city, shoals_dummy_entry,
          serial_bayou_shore_a, infiniplex_staircase_pool
Lair:5:   layout_roguey, slime_altar_1, gauntlet_entry_generic,
          grunt_megastairs_1, lemuel_fruit_fields
Lair:6:   evilmike_catoblepas_cave, layout_cave_pods
Shoals:1: layout_shoals, serial_shops, shop_fountains,
          nicolae_shoals_secluded_bog, uniq_louise
Shoals:2: cheibrodos_shoals_baths, layout_shoals, serial_shops,
          nicolae_shop_hallway_stairs, gammafunk_ghost_berserking_beasts
Shoals:3: layout_shoals, serial_shops, shop, uniq_ilsuiw
Shoals:4: shoals_end_simple, layout_shoals, nicolae_shoals_goliath_grotto
Snake:1:  layout_grid_shapes
Snake:2:  layout_basic, minmay_shoptagon
Snake:3:  nicolae_sea_snake_s, layout_grid_maze, serial_shops, shop_fountains,
          grunt_megastairs_3
Snake:4:  hellmonk_snake_rune_quicksilver_temple, layout_cave_town,
          minmay_shop_grove
Slime:1:  layout_caves
Slime:2:  layout_caves
Slime:3:  layout_caves
Slime:4:  layout_caves
Slime:5
Orc:1:    layout_caves, gammafunk_ghost_abyssal_escape, hellmonk_jugg_or_not
Orc:2:    kennysheep_orc_mage_school, layout_diamond_mine, lemuel_statue_altar,
          uniq_nessos
Elf:1:    eino_elf_arrival_altar, layout_geoelf_octagon, serial_shops,
          nicolae_shop_hallway_plus, hangedman_elf_represent,
          onia_ninara_cookie, uniq_aizul

Skill      XL: |  1  2  3  4  5  6  7  8  9 10 11 12 13 14 15 16 17 18 19 |
---------------+----------------------------------------------------------+-----
Armour         | 4 5 6 8 9 10 12 14 16 17 18 19 20 | 20.3
Shields        | 4 5 6 7 8 9 11 13 14 15 17 19 22 23 | 23.3
Fighting       | 4 5 6 7 9 11 12 13 14 15 17 18 19 20 | 20.2
Axes           | 3 4 |  4.7
Short Blades   | 2 3 5 7 10 11 12 13 | 13.6
Stealth        | 1 0 |  0.0
Long Blades    | 5 11 14 15 16 17 18 | 18.2
Throwing       | |  0.8

Action                   |  1- 3 |  4- 6 |  7- 9 | 10-12 | 13-15 | 16-18 | 19-21 || total
-------------------------+-------+-------+-------+-------+-------+-------+-------++-------
Melee: War axe           |    81 |     3 |       |       |       |       |       ||    84
       Headbutt          |     9 |    20 |    96 |   221 |   358 |   437 |   143 ||  1284
       Short sword       |       |   113 |   505 |   834 |    91 |       |       ||  1543
       Dagger            |       |       |       |    24 |   221 |       |       ||   245
       Double sword      |       |       |       |       |   657 |       |       ||   657
       Long sword        |       |       |       |       |   345 |  1738 |   400 ||  2483
Throw: Throwing net      |       |       |       |     1 |       |     1 |       ||     2
Invok: Sacrifice Nimblen |       |     1 |       |       |       |       |       ||     1
       Sacrifice Stealth |       |       |     1 |       |       |       |       ||     1
       Draw Out Power    |       |       |     1 |    10 |     2 |     4 |     1 ||    18
       Sacrifice Health  |       |       |     1 |       |       |       |       ||     1
       Apocalypse        |       |       |       |     4 |     5 |     7 |     1 ||    17
       Sacrifice Artific |       |       |       |     1 |       |       |       ||     1
       Sacrifice Arcana  |       |       |       |     1 |       |       |       ||     1
       Power Leap        |       |       |       |       |     7 |     5 |     1 ||    13
       Sacrifice Purity  |       |       |       |       |     1 |       |       ||     1
  Use: Potion            |       |       |     4 |     7 |     1 |     4 |     8 ||    24
       Scroll            |       |       |    14 |     5 |    17 |     9 |       ||    45
 Stab: Invisible         |       |       |     3 |     3 |    19 |    11 |       ||    36
       Distracted        |       |       |     4 |     3 |     2 |    12 |     6 ||    27
       Paralysed         |       |       |       |     2 |    29 |    33 |     5 ||    69
       Petrified         |       |       |       |       |     7 |       |       ||     7
       Held in net/web   |       |       |       |       |       |     1 |       ||     1
Armor: Scale mail        |    32 |    41 |    87 |       |       |       |       ||   160
       Swamp dragon scal |       |       |    74 |   136 |       |       |       ||   210
       Plate armour      |       |       |       |   346 |   902 |   693 |   261 ||  2202
       Chain mail        |       |       |       |       |       |     3 |       ||     3
Dodge: Dodged            |    35 |    40 |   140 |    87 |    69 |    60 |    26 ||   457
       Repelled          |       |       |       |       |       |     5 |     1 ||     6
Block: Buckler           |    25 |    24 |    80 |   148 |       |       |       ||   277
       Kite shield       |       |       |       |    67 |   713 |   115 |       ||   895
       Tower shield      |       |       |       |       |       |  1353 |   401 ||  1754
       Reflection        |       |       |       |       |       |    43 |     7 ||    50
